 Dungeon Crawl Stone Soup version 0.19-a0-1682-g5114f93 (webtiles) character file.

112 HungrySpirit the Sneak (level 4, -5/29 HPs)
             Began as an Octopode Assassin on Sept 24, 2016.
             Slain by Menkaure (11 damage)
             ... on level 5 of the Dungeon.
             The game lasted 00:03:13 (1470 turns).

HungrySpirit the Sneak (Octopode Assassin)          Turns: 1470, Time: 00:03:15

Health: -5/29      AC:  2    Str: 10    XL:     4   Next: 93%
Magic:  4/4        EV: 14    Int: 13    God:
Gold:   160        SH:  0    Dex: 14    Spells: 0 memorised, 3 levels left

rFire  . . .     SeeInvis .     a - +2 dagger
rCold  . . .     Gourm    .     (no shield)
rNeg   . . .     Faith    .     (helmet restricted)
rPois  .         Spirit   .     (no amulet)
rElec  .         Dismiss  .     (no ring)
rCorr  .         Reflect  .     (no ring)
MR     .....     Harm     .     (no ring)
Stlth  +++++.....               (no ring)
                                (no ring)
                                (no ring)
                                (no ring)
                                (no ring)

@: no status effects
A: almost no armour, stealthy swim, amphibious, 8 rings, constrict 8, camouflage
1, gelatinous body 1
a: no special abilities


You were on level 5 of the Dungeon.
You were hungry.

You visited 1 branch of the dungeon, and saw 4 of its levels.

You collected 160 gold pieces.

Inventory:

Hand Weapons
 a - a +2 dagger (weapon)
 b - a +0 blowgun
Missiles
 c - 37 poisoned needles
 d - 2 curare-tipped needles
Scrolls
 e - a scroll of blinking {unknown}
 g - 3 scrolls of identify {unknown}
 h - a scroll of remove curse {unknown}
 i - 5 scrolls of recharging {unknown}
 p - 2 scrolls of enchant weapon {unknown}
 s - a scroll of enchant armour {unknown}
Potions
 l - a potion of might {unknown}
 m - 2 potions of flight {unknown}
 n - a potion of ambrosia {unknown}
 o - 2 potions of haste {unknown}
 q - a potion of agility {unknown}
 r - 2 potions of experience {unknown}
Comestibles
 f - 2 bread rations
 j - 2 beef jerkies
 k - 4 meat rations


   Skills:
 - Level 2.0 Fighting
 * Level 3.5 Short Blades
 - Level 2.0 Throwing
 * Level 2.8 Dodging
 + Level 6.0 Stealth


You had 3 spell levels left.
You didn't know any spells.

Dungeon Overview and Level Annotations

Branches:
Dungeon (3/15)

Altars:
Qazlal

Annotations:
D:5 Menkaure


Innate Abilities, Weirdness & Mutations

You cannot wear most types of armour.
You are very stealthy in the water.
You are amphibious.
You can wear up to eight rings at the same time.
You can use your tentacles to constrict eight enemies at once.
Your skin changes colour to match your surroundings (Stealth+).
Your rubbery body absorbs attacks. (AC +1, EV +1)


Message History

Menkaure is lightly damaged.
You constrict Menkaure.
The leopard gecko skeleton barely misses you.
Menkaure barely misses you.
You hit Menkaure but do no damage.
Menkaure is moderately damaged.
You constrict Menkaure.
Menkaure calls on the powers of darkness!
Your body is wracked with pain!
The leopard gecko skeleton misses you.
You hit Menkaure. You squeeze Menkaure.
Menkaure is severely damaged.
You constrict Menkaure. Menkaure hits you.
* * * LOW HITPOINT WARNING * * *
You hit Menkaure but do no damage.
Menkaure is almost destroyed.
You constrict Menkaure.
The leopard gecko skeleton closely misses you.
Menkaure sighs, "It doesn't hurt if you pull your brain out of your nose yourself."
Menkaure hits you!
You die...

.. #. ##.##
#####...#######
Z.............$
.##....###
..........# #
#.##.#.##.#(##
..... #@Z..#
#.##.##
#.M...... # #.
##...#### #
#.## .# .# (#


You could see Menkaure and a leopard gecko skeleton.

Vanquished Creatures
  A jelly (D:3)
  Jessica (D:2)
  A worm (D:3)
  A dart slug (D:3)
  6 orcs
  4 bats
  2 giant cockroaches
  3 goblins
  6 hobgoblins
  A jackal (D:1)
  4 frilled lizards
  9 kobolds
  8 rats
47 creatures vanquished.

Notes
Turn   | Place    | Note
-------+----------+-------------------------------------------
     0 | D:1      | HungrySpirit the Octopode Assassin began the quest for the Orb.
     0 | D:1      | Reached XP level 1. HP: 14/14 MP: 1/1
   126 | D:1      | Reached XP level 2. HP: 19/19 MP: 2/2
   647 | D:2      | Noticed an earth elemental
   649 | D:2      | Found a stormy altar of Qazlal.
   649 | D:2      | Noticed Jessica
   650 | D:2      | Noticed a water elemental
   650 | D:2      | Noticed a fire elemental
   650 | D:2      | Noticed an air elemental
   654 | D:2      | Killed Jessica
   654 | D:2      | Reached XP level 3. HP: 24/24 MP: 3/3
   930 | D:3      | Reached XP level 4. HP: 19/29 MP: 4/4
  1158 | D:3      | Reached skill level 6 in Stealth
  1460 | D:3      | You fall through a shaft for 2 floors!
  1460 | D:5      | Entered Level 5 of the Dungeon
  1460 | D:5      | Noticed Menkaure
  1470 | D:5      | Slain by Menkaure

Vault maps used:
D:1:      sevenhm_arrival_forest_fort_small_3, minmay_tromino_mix6
D:2:      nicolae_qazlal_style_of_elements, uniq_jessica
D:5:      first_bread, uniq_crazy_yiuf_cottage, uniq_menkaure, uniq_duvessa

Skill      XL: |  1  2  3  4 |
---------------+-------------+-----
Dodging        | 2 |  2.8
Short Blades   | 3 |  3.5
Stealth        | 6 |  6.0
Fighting       | |  2.0
Throwing       | |  2.0

Action                   |  1- 3 |  4- 6 || total
-------------------------+-------+-------++-------
Melee: Dagger            |    67 |    26 ||    93
       Constrict         |    13 |     3 ||    16
       Tentacles         |     5 |     5 ||    10
 Stab: Sleeping          |    11 |    10 ||    21
  Eat: Chunk             |       |     1 ||     1
Armor: Skin              |     9 |     1 ||    10
Dodge: Dodged            |    29 |     7 ||    36
